 Dungeon Crawl Stone Soup version 0.27.1-1-g398f81649c (webtiles) character file.

Game seed: 15889176193065336251

2272 T3K the Thaumaturge (level 9, -1/44 (47) HPs)
             Began as a Deep Elf Ice Elementalist on Sept 9, 2021.
             Was a Follower of Yredelemnul.
             Slain by an orc warrior (17 damage)
             ... on level 7 of the Dungeon.
             The game lasted 00:28:55 (7966 turns).

T3K the Thaumaturge (Deep Elf Ice Elementalist)     Turns: 7966, Time: 00:28:56

HP:   -1/44 (47)    AC:  8    Str: 11    XL:     9   Next: 16%
MP:   25/25         EV: 14    Int: 26    God:    Yredelemnul [*.....]
Gold: 350           SH:  0    Dex: 15    Spells: 17/28 levels left

rFire    . . .     SeeInvis .   i - +5 spear of the Everdark {drain, rN+ Str+6 Stlth-}
rCold    . . .     Faith    .   (no shield)
rNeg     + . .     Spirit   .   a - +2 robe
rPois    .         Reflect  .   (no helmet)
rElec    .         Harm     .   n - scarf {+Inv}
rCorr    .         Rampage  .   (no gloves)
Will     .....                  (no boots)
Stlth    ++........             (no amulet)
HPRegen  0.14/turn              d - +4 ring of protection
MPRegen  0.19/turn              (no ring)

@: drained
A: clever 1, no potion heal 1
a: Renounce Religion, Evoke Invisibility, Animate Remains


You were on level 7 of the Dungeon.
You worshipped Yredelemnul.
Yredelemnul was aware of your devotion.
You visited 1 branch of the dungeon, and saw 7 of its levels.

You collected 350 gold pieces.

Inventory:

Hand Weapons
 b - a +0 mace
 i - the +5 spear of the Everdark (weapon) {drain, rN+ Str+6 Stlth-}
   (You found it on level 4 of the Dungeon)

   A truly terrible weapon, it drains the life of any living foe it strikes.
   Str:       It affects your strength (+6).
   rN:        It protects you from negative energy.
   Stlth:     It makes you less stealthy.
 r - a +0 long sword
Armour
 a - a +2 robe (worn)
 m - a scarf of shadows
 n - a scarf of invisibility (worn)
Jewellery
 d - a +4 ring of protection (left hand)
Scrolls
 f - a scroll of magic mapping
 g - 3 scrolls of teleportation
 h - 2 scrolls of amnesia
 o - a scroll of enchant armour
 q - a scroll of enchant weapon {unknown}
Potions
 c - a potion of brilliance
 e - 5 potions of magic
 j - a potion of heal wounds
 k - 4 potions of degeneration
 l - 3 potions of curing
 p - a potion of might


   Skills:
 + Level 1.3 Fighting
 + Level 1.6 Maces & Flails
 + Level 2.3 Polearms
 + Level 4.4 Dodging
 + Level 4.6 Stealth
 + Level 10.1 Spellcasting
 + Level 8.7 Ice Magic
 + Level 1.9 Evocations


You had 17 spell levels left.
You knew the following spells:

 Your Spells              Type           Power      Damage    Failure   Level
a - Freeze                Ice            100%       1d11      1%          1
b - Frozen Ramparts       Ice            100%       1d12      1%          3
c - Hailstorm             Conj/Ice       35%        3d9       8%          4
d - Ozocubu's Armour      Ice            55%        N/A       1%          3

Your spell library contained the following spells:

 Spells                   Type           Power      Damage    Failure   Level
 Fireball                 Conj/Fire      6%         3d5       77%         5
 Starburst                Conj/Fire      6%         6d4       100%        6
 Ignition                 Fire           6%         3d4       100%        8
 Chain Lightning          Conj/Air       6%         3d8       100%        9
 Fire Storm               Conj/Fire      6%         8d2       100%        9


Dungeon Overview and Level Annotations

Branches:
Dungeon (7/15)             Temple (0/1) D:6

Altars:
Fedhas
Qazlal
Ru
Vehumet
Wu Jian
Xom
Yredelemnul


Innate Abilities, Weirdness & Mutations

Your mind is acute. (Int +2)
Potions are less effective at restoring your health.


Message History

You see here a +0 mace.
A jelly comes into view.
A jelly is nearby!
The jelly quivers.
Found a stone staircase leading down.
You reach to attack!
You barely miss the jelly. You puncture the jelly! You drain the jelly.
The acid corrodes you!
Your hands burn!
The jelly is almost dead.
The jelly closely misses you.
You hit the jelly.
You kill the jelly!
Yredelemnul accepts your kill.
You are no longer corroded.
Found 8 gold pieces.
Found a leather armour.
Found 11 gold pieces.
You now have 339 gold pieces (gained 8).
An orc warrior comes into view. It is wielding a +0 glaive.
An orc warrior is nearby!
An orc priest comes into view. It is wielding a +0 flail.
An orc priest comes into view. It is wielding a +0 whip.
The orc priest moves out of view.
The orc priest shouts!
The orc warrior shouts!
An orc comes into view.
It is wielding a +0 hand axe and wearing the +3 ring mail "Hiwnuvua" {SInv}.
The orc priest looks braver for a moment.
The orc shouts!
You hear a shout!
The orc warrior hits you from afar with a +0 glaive.
An orc comes into view. It is wielding a +0 trident.
The orc warrior hits you from afar with a +0 glaive!
You see here 11 gold pieces.
You now have 350 gold pieces (gained 11).
The orc warrior hits you from afar with a +0 glaive!
You are too injured to fight recklessly!
Non-targeted abil: Evoke Invisibility
Press: ? - help, Q - select action, (/) - cycle Dir - look around, f - activate You feel drained.
You fail to use your ability.
The orc warrior hits you from afar with a +0 glaive!
You die...
Your body rises from the dead as a mindless zombie.

##+###>.................)...
#.[......#############.....#
#........+.# #.....#
#........#.###########.....#
##+#.#.....................'
.#.#####.#####...........#
.........## ..........
.....o.o..# ..........
......o...@# #######...
........o..# #...
..........# #... .....o....#
#... ##'#####... #... #.
#.... #### #.... #....


You could see an orc warrior, 2 orc priests and 2 orcs.

Vanquished Creatures
  A deep elf pyromancer (D:7)
  Grinder (D:6)
  2 water moccasins (D:5)
  An orc warrior (D:7)
  A black bear (D:4)
  A necrophage (D:6)
  3 bullfrogs
  A scorpion (D:5)
  3 hounds
  5 orc priests
  A jelly (D:7)
  A centaur skeleton (D:4)
  Terence (D:2)
  Natasha (thrice) (D:3)
  4 iguanas
  4 orc wizards
  A hound skeleton (D:5)
  4 adders
  A howler monkey skeleton (D:6)
  11 gnolls
  A shadow imp (D:6)
  A white imp (D:6)
  A worm (D:4)
  An adder skeleton (D:4)
  2 dart slugs
  22 orcs
  4 ball pythons
  5 bats
  4 endoplasms
  3 giant cockroaches
  3 goblins
  A hobgoblin (D:1)
  14 jackals
  8 kobolds
  2 quokkas
  2 frilled lizards
  2 rats
126 creatures vanquished.

Vanquished Creatures (others)
  An orc priest (D:3)
  2 orcs (D:3)
3 creatures vanquished.

Grand Total: 129 creatures vanquished

Notes
Turn   | Place    | Note
-------+----------+-------------------------------------------
     0 | D:1      | T3K the Deep Elf Ice Elementalist began the quest for the
                  | Orb.
     0 | D:1      | Reached XP level 1. HP: 10/10 MP: 6/6
   403 | D:1      | Reached XP level 2. HP: 13/15 MP: 5/8
  1156 | D:1      | Reached skill level 5 in Ice Magic
  1353 | D:2      | Reached XP level 3. HP: 18/19 MP: 4/9
  1703 | D:2      | Noticed Terence
  1710 | D:2      | Killed Terence
  1711 | D:2      | Reached skill level 4 in Spellcasting
  1711 | D:2      | Reached XP level 4. HP: 21/24 MP: 8/12
  2257 | D:3      | Learned a level 3 spell: Frozen Ramparts
  2262 | D:3      | Learned a level 4 spell: Hailstorm
  2266 | D:3      | Learned a level 3 spell: Ozocubu's Armour
  2359 | D:3      | Found a shimmering altar of Xom.
  2620 | D:3      | Found a radiant altar of Vehumet.
  2660 | D:3      | Reached XP level 5. HP: 28/28 MP: 7/14
  2999 | D:3      | Noticed Natasha
  3008 | D:3      | Killed Natasha
  3009 | D:3      | Reached skill level 5 in Spellcasting
  3278 | D:3      | Found a basalt altar of Yredelemnul.
  3419 | D:3      | Noticed Natasha
  3433 | D:3      | Killed Natasha
  3468 | D:3      | Noticed Natasha
  3491 | D:3      | Killed Natasha
  3842 | D:4      | Noticed a black bear
  3869 | D:3      | Became a worshipper of Yredelemnul the Dark
  3889 | D:4      | Killed a black bear
  3890 | D:4      | Reached skill level 1 in Maces & Flails
  3890 | D:4      | Reached skill level 6 in Spellcasting
  3890 | D:4      | Reached XP level 6. HP: 29/32 MP: 10/17
  4165 | D:4      | Identified the +5 spear of the Everdark {drain, rN+ Str+6
                  | Stlth-}
  4371 | D:4      | Reached XP level 7. HP: 36/36 MP: 18/18
  4569 | D:5      | Entered Level 5 of the Dungeon
  4647 | D:5      | Reached skill level 7 in Spellcasting
  4739 | D:5      | Reached skill level 1 in Polearms
  5362 | D:5      | Found a stormy altar of Qazlal.
  5470 | D:5      | Found a blossoming altar of Fedhas.
  5950 | D:5      | Found a sacrificial altar of Ru.
  5964 | D:5      | Reached skill level 8 in Spellcasting
  5964 | D:5      | Reached XP level 8. HP: 28/42 MP: 17/22
  6333 | D:6      | Found a staircase to the Ecumenical Temple.
  6342 | D:6      | Reached skill level 1 in Fighting
  6344 | D:6      | Noticed Grinder
  6366 | D:6      | Killed Grinder
  6657 | D:6      | Reached * piety under Yredelemnul
  6939 | D:6      | Reached skill level 9 in Spellcasting
  6951 | D:6      | Gained mutation: Your mind is acute. (Int +2) [potion of
                  | mutation]
  6951 | D:6      | Gained mutation: Potions are less effective at restoring
                  | your health. [potion of mutation]
  6999 | D:6      | Reached skill level 1 in Evocations
  7414 | D:7      | Found an ornate altar of the Wu Jian Council.
  7468 | D:7      | Noticed a deep elf pyromancer
  7491 | D:7      | Killed a deep elf pyromancer
  7492 | D:7      | Reached XP level 9. HP: 20/47 MP: 16/24
  7695 | D:7      | Reached skill level 10 in Spellcasting
  7960 | D:7      | Identified the +3 ring mail "Hiwnuvua" {SInv}
  7966 | D:7      | Slain by an orc warrior

Illustrated notes

Levels and vault maps discovered:
D:1:      nicolae_arrival_washed_ashore, layout_basic, minivault_24,
          hangedman_decor_push
D:2:      layout_basic, grunt_decor_fettered, uniq_terence
D:3:      layout_loops_ring, nicolae_overflow_hidden_temple, lemuel_tele_altar,
          fiery_altar_vehumet, uniq_natasha
D:4:      layout_rooms
D:5:      layout_layer_cave, nicolae_qazlal_general_emergency,
          mainiacjoe_overflow_large_starburst, kennysheep_generic_room_5
D:6:      layout_basic, temple_statues, uniq_grinder
D:7:      layout_basic, kennysheep_mini_moat, minmay_misc_feat_square

Skill      XL: |  1  2  3  4  5  6  7  8  9 |
---------------+----------------------------+-----
Ice Magic      | 5 6 7 8 |  8.7
Spellcasting   | 4 6 8 9 10 | 10.1
Stealth        | 3 4 |  4.6
Maces & Flails | 1 |  1.6
Dodging        | 3 4 |  4.4
Polearms       | 1 2 |  2.3
Fighting       | 1 |  1.3
Evocations     | 1 |  1.9

Action                   |  1- 3 |  4- 6 |  7- 9 || total
-------------------------+-------+-------+-------++-------
Melee: Unarmed           |     1 |       |       ||     1
       Mace              |    18 |    53 |       ||    71
       Spear             |       |    20 |    74 ||    94
 Cast: Freeze            |    41 |    50 |    46 ||   137
       Frozen Ramparts   |       |    10 |     8 ||    18
       Ozocubu's Armour  |       |     1 |     1 ||     2
 Abil: Evoke Invisibilit |       |       |     1 ||     1
Evoke: Wand              |       |       |     9 ||     9
  Use: Potion            |     3 |     3 |     3 ||     9
       Scroll            |     3 |     3 |     2 ||     8
 Stab: Sleeping          |     1 |     1 |     2 ||     4
Armor: Robe              |    20 |    59 |    30 ||   109
Dodge: Dodged            |    38 |   121 |    61 ||   220
